 Dungeon Crawl Stone Soup version 0.29-a0-490-g77b3608bb8 (webtiles) character file.

Game seed: 15950915091152066477

3861 croobank the Covert (level 10, -9/81 HPs)
             Began as a Gnoll Delver on May 26, 2022.
             Was an Initiate of Gozag.
             Mangled by a cyclops (19 damage)
             ... on level 8 of the Dungeon.
             The game lasted 00:33:55 (7951 turns).

croobank the Covert (Gnoll Delver)                  Turns: 7951, Time: 00:34:00

Health: -9/81      AC: 23    Str: 11    XL:     10   Next: 18%
Magic:  12/17      EV: 18    Int: 14    God:    Gozag
Gold:   979        SH:  0    Dex: 14    Spells: 7/19 levels left

rFire   . . .      SeeInvis .   F - +3 quarterstaff (protect)
rCold   . . .      Faith    .   (shield currently unavailable)
rNeg    . . .      Spirit   .   D - +0 leather armour
rPois   .          Reflect  .   r - +2 helmet
rElec   .          Harm     .   G - +2 cloak
rCorr   .          Rampage  .   n - +2 pair of gloves
Will    .....                   w - +2 pair of boots
Stlth   ++++......              A - amulet of regeneration
HPRegen 1.03/turn               y - ring of wizardry
MPRegen 0.15/turn               T - +4 ring of evasion

@: gold aura, under a protective aura
A: fangs 1, strong nose, distributed training
a: Renounce Religion, Potion Petition, Call Merchant, Bribe Branch


You were on level 8 of the Dungeon.
You worshipped Gozag.
Gozag was pleased with you.
You visited 2 branches of the dungeon, and saw 9 of its levels.
You also visited: Bailey.

You collected 1063 gold pieces.
You paid 84 gold pieces to Gozag.

Inventory:

Hand Weapons
 a - a +1 hand axe of venom
 b - a +2 hunting sling
 k - a +0 dagger of protection
 B - a +1 scythe
 F - a +3 quarterstaff of protection (weapon)
 M - the +6 whip "Atsey" {flame, rF+ Str+4}
   (You found it on level 5 of the Dungeon)

   It burns those it strikes, dealing additional fire damage.
   Str:       It affects your strength (+4).
   rF:        It protects you from fire.
 N - a +0 war axe
 V - a +2 short sword of freezing
 W - a +2 halberd
Missiles
 j - 93 stones (quivered)
 m - 22 poisoned darts
Armour
 h - a +0 chain mail
 n - a +2 pair of gloves (worn)
 r - a +2 helmet (worn)
 w - a +2 pair of boots (worn)
 x - a +0 ring mail
 C - a +2 robe of positive energy
 D - a +0 leather armour (worn)
 G - a +2 cloak (worn)
 U - a +0 plate armour
Jewellery
 t - an amulet of the acrobat
 u - an amulet of reflection
 y - a ring of wizardry (left hand)
 A - an amulet of regeneration (around neck)
 P - a ring of ice
 Q - a +4 ring of evasion
 T - a +4 ring of evasion (right hand)
Wands
 f - a wand of flame (19)
 g - a wand of digging (3)
 I - a wand of polymorph (2)
 K - a wand of acid (8)
Scrolls
 c - 4 scrolls of fog
 l - a scroll of magic mapping
 o - 2 scrolls of teleportation
 z - 3 scrolls of fear
 H - a scroll of blinking
 Z - a scroll of summoning
Potions
 d - a potion of ambrosia
 e - 3 potions of heal wounds
 i - 2 potions of haste
 p - 2 potions of brilliance
 q - a potion of lignification
 s - 3 potions of curing
 v - 3 potions of flight
 E - a potion of cancellation
 J - a potion of berserk rage
 L - 2 potions of resistance {unknown}
 O - 2 potions of magic
 R - a potion of invisibility {unknown}
 S - a potion of attraction {unknown}
 X - a potion of mutation {unknown}
 Y - a potion of might {unknown}


   Skills:
 + Level 8.3 Fighting
 + Level 5.0 Short Blades
 + Level 5.0 Long Blades
 + Level 6.9 Axes
 + Level 5.0 Maces & Flails
 + Level 5.0 Polearms
 + Level 5.0 Staves
 + Level 5.0 Slings
 + Level 5.0 Bows
 + Level 5.0 Crossbows
 + Level 5.0 Throwing
 + Level 5.0 Armour
 + Level 6.9 Dodging
 + Level 10.8 Stealth
 + Level 5.0 Shields
 + Level 5.0 Unarmed Combat
 + Level 5.0 Spellcasting
 + Level 4.1 Conjurations
 + Level 4.1 Hexes
 + Level 4.1 Summonings
 + Level 4.1 Necromancy
 + Level 4.1 Translocations
 + Level 4.1 Transmutations
 + Level 4.1 Fire Magic
 + Level 4.1 Ice Magic
 + Level 4.1 Air Magic
 + Level 4.1 Earth Magic
 + Level 4.1 Poison Magic
 + Level 5.5 Invocations
 + Level 5.0 Evocations


You had 7 spell levels left.
You knew the following spells:

 Your Spells              Type           Power      Damage    Failure   Level
a - Beastly Appendage     Tmut           30%        N/A       1%          1
b - Blink                 Tloc           30%        N/A       2%          2
c - Wereblood             Tmut           15%        N/A       2%          2
d - Spider Form           Tmut/Pois      15%        N/A       4%          3
e - Apportation           Tloc           30%        N/A       1%          1
f - Dazzling Flash        Conj/Hex       30%        N/A       4%          3

Your spell library contained the following spells:

 Spells                   Type           Power      Damage    Failure   Level
 Gell's Gravitas          Tloc           15%        N/A       4%          3
 Portal Projectile        Hex/Tloc       30%        N/A       4%          3
 Agony                    Necr           15%        N/A       38%         5
 Alistair's Intoxication  Tmut/Pois      10%        N/A       38%         5
 Silence                  Hex/Air        7%         N/A       38%         5
 Statue Form              Tmut/Erth      10%        N/A       91%         6
 Shatter                  Erth           7%         3d10*     100%        9


Dungeon Overview and Level Annotations

Branches:
Dungeon (8/15)             Temple (1/1) D:5          Bailey (visited)
   Lair: D:8-11

Altars:
Cheibriados
Dithmenos
Fedhas
Gozag
Hepliaklqana
Kikubaaqudgha
Makhleb
Nemelex Xobeh
Okawaru
Qazlal
Ru
Uskayaw
Vehumet
Wu Jian
Yredelemnul
Zin
The Shining One

Annotations:
D:5 3 runed translucent doors, Esekla's ghost, amateur OpDe


Innate Abilities, Weirdness & Mutations

You have very sharp teeth.
Your uncanny sense of smell can sniff out nearby items.
Your experience applies equally to all skills.


Message History

The manticore flicks its tail.
The volley of spikes hits you.
The barbed spikes become lodged in your body.
The cyclops closely misses you.
You hit the cyclops.
The cyclops is moderately wounded.
The manticore flicks its tail.
The volley of spikes hits you but does no damage.
The cyclops closely misses you.
Unknown command.
You hit the cyclops.
The cyclops is moderately wounded.
Unknown command.
You hit the cyclops. You bite the cyclops, but do no damage.
The cyclops is moderately wounded.
The cyclops hits you!! The manticore closely misses you.
The manticore claws you but does no damage.
The manticore barely misses you.
You hit the cyclops but do no damage. Your bite misses the cyclops.
The cyclops is moderately wounded.
The manticore closely misses you. x2; The manticore misses you.
The cyclops hits you but does no damage.
Unknown command.
Unknown command.
You hit the cyclops.
The cyclops is heavily wounded.
You carefully extract the barbed spikes from your body.
The manticore closely misses you.
The manticore claws you but does no damage.
The manticore completely misses you. The cyclops hits you!!
* * * LOW HITPOINT WARNING * * *
You hit the cyclops but do no damage.
The cyclops is heavily wounded.
The manticore bites you.
* * * LOW HITPOINT WARNING * * *
The manticore barely misses you. The manticore claws you!
* * * LOW HITPOINT WARNING * * *
The cyclops hits you!!
You die...
Your body crumbles into a pile of gold.

,,,,,,,,*#..#...####...** **,* *
,,,,,,,**#..#.....#...**###*,,***
,,,,,,** *#.#........#*#...,,,,,,
,,,,*** #.#........##..#**,***,
,,*** #.......>.....#*,,,,,** ***
#............#****,****
##...........#*∆,,,,,,,,
#.......)....#*####.****
##..)...@$....#....y.,,,,
#...∩)..HC..#..#****∆****
#...).......#.#.$..C.,,,,
#..........##.#*####.****
#.#.##.....##.#*∆,,,,,,,,
#...###...###..*****,****
###.#######*#..,**,,,,,**
##.........#*..#**,,,,,***
###..#........,.##,,*,,****,


You could see a manticore and a cyclops.

Vanquished Creatures
  Sigmund (D:3)
  A vampire mosquito (D:8)
  5 orc warriors (Bailey)
  2 sky beasts
  2 black bears
  An ice beast (D:7)
  3 ogres
  4 centaurs
  A kobold brigand (D:5)
  2 bullfrogs (D:7)
  A necrophage (D:6)
  4 scorpions
  5 wights
  6 killer bees (D:7)
  Crazy Yiuf (D:3)
  5 hounds (D:5)
  A jelly (D:6)
  3 orc priests
  4 iguanas
  Jessica (D:3)
  Ijyb (D:5)
  3 orc wizards
  10 gnolls
  6 adders
  A shadow imp (D:5)
  2 white imps (D:7)
  An ufetubus (D:5)
  4 worms (D:2)
  14 dart slugs
  25 orcs
  3 endoplasms
  2 giant cockroaches
  8 goblins
  10 hobgoblins
  8 jackals
  3 quokkas
  8 ball pythons
  2 bats
  2 frilled lizards (D:2)
  13 kobolds
  7 rats
186 creatures vanquished.

Vanquished Creatures (collateral kills)
  2 orc warriors (Bailey)
  A ball python (D:1)
  A jackal (D:1)
4 creatures vanquished.

Vanquished Creatures (others)
  2 fungi (D:3)
2 creatures vanquished.

Grand Total: 192 creatures vanquished

Notes
Turn   | Place    | Note
-------+----------+-------------------------------------------
     0 | D:5      | Reached skill level 9 in Stealth
     0 | D:5      | croobank the Gnoll Delver began the quest for the Orb.
     0 | D:5      | Reached XP level 1. HP: 23/23 MP: 1/1
    32 | D:5      | Noticed Ijyb
    91 | D:5      | Got Tucrer's Reference Book on Warped Toxins
   111 | D:5      | Noticed a black bear
   163 | D:5      | Noticed an iguana
   168 | D:5      | Found a runed translucent gate.
   169 | D:5      | Found a runed translucent gate.
   169 | D:5      | Found a runed translucent gate.
   459 | D:2      | Reached XP level 2. HP: 21/29 MP: 2/2
  1172 | D:1      | Reached XP level 3. HP: 30/35 MP: 3/3
  1671 | D:1      | Reached skill level 1 in Invocations
  1837 | D:2      | Reached skill level 1 in Short Blades
  1837 | D:2      | Reached skill level 1 in Long Blades
  1837 | D:2      | Reached skill level 1 in Maces & Flails
  1837 | D:2      | Reached skill level 1 in Polearms
  1837 | D:2      | Reached skill level 1 in Staves
  1837 | D:2      | Reached skill level 1 in Slings
  1837 | D:2      | Reached skill level 1 in Bows
  1837 | D:2      | Reached skill level 1 in Crossbows
  1837 | D:2      | Reached skill level 1 in Throwing
  1837 | D:2      | Reached skill level 1 in Armour
  1837 | D:2      | Reached skill level 1 in Shields
  1837 | D:2      | Reached skill level 1 in Unarmed Combat
  1837 | D:2      | Reached skill level 1 in Spellcasting
  1837 | D:2      | Reached skill level 1 in Evocations
  1844 | D:2      | Reached XP level 4. HP: 27/41 MP: 5/5
  2055 | D:2      | Learned a level 1 spell: Beastly Appendage
  2387 | D:2      | Reached skill level 1 in Conjurations
  2387 | D:2      | Reached skill level 1 in Hexes
  2387 | D:2      | Reached skill level 1 in Summonings
  2387 | D:2      | Reached skill level 1 in Necromancy
  2387 | D:2      | Reached skill level 1 in Translocations
  2387 | D:2      | Reached skill level 1 in Transmutations
  2387 | D:2      | Reached skill level 1 in Fire Magic
  2387 | D:2      | Reached skill level 1 in Ice Magic
  2387 | D:2      | Reached skill level 1 in Air Magic
  2387 | D:2      | Reached skill level 1 in Earth Magic
  2387 | D:2      | Reached skill level 1 in Poison Magic
  2707 | D:3      | Noticed Jessica
  2715 | D:3      | Killed Jessica
  2716 | D:3      | Reached XP level 5. HP: 47/47 MP: 5/7
  2743 | D:3      | Learned a level 2 spell: Blink
  3175 | D:3      | Reached XP level 6. HP: 53/53 MP: 8/8
  3615 | D:3      | Noticed Sigmund
  3625 | D:3      | Learned a level 2 spell: Wereblood
  3629 | D:3      | Learned a level 3 spell: Spider Form
  3646 | D:3      | Killed Sigmund
  3647 | D:3      | Reached skill level 5 in Axes
  3647 | D:3      | Reached skill level 5 in Dodging
  3916 | D:3      | Found a faded altar of an unknown god.
  3950 | D:3      | Reached XP level 7. HP: 50/59 MP: 10/10
  4194 | D:3      | Found a runed translucent door.
  4195 | D:3      | Noticed Crazy Yiuf
  4206 | D:3      | Killed Crazy Yiuf
  4473 | D:4      | Found an iron altar of Okawaru.
  4751 | D:5      | Reached skill level 10 in Stealth
  4811 | D:5      | Killed Ijyb
  4858 | D:5      | Found a staircase to the Ecumenical Temple.
  4864 | Temple   | Entered the Ecumenical Temple
  4980 | Temple   | Became a worshipper of Gozag Ym Sagoz the Greedy
  5091 | D:5      | Reached XP level 8. HP: 62/67 MP: 12/12
  5124 | D:5      | Identified the +6 whip "Atsey" {flame, rF+ Str+4}
  5205 | D:5      | Noticed Esekla's ghost (amateur OpDe)
  5893 | D:6      | Reached XP level 9. HP: 72/72 MP: 14/14
  5895 | D:6      | Learned a level 1 spell: Apportation
  7374 | D:8      | Reached skill level 5 in Invocations
  7436 | D:8      | Got Gaxufaf Sata's Incunabulum of the Ashen Traveller
  7453 | D:8      | Found a flagged portal.
  7481 | D:8      | Noticed a cyclops
  7513 | Bailey   | Entered a bailey
  7525 | Bailey   | Learned a level 3 spell: Dazzling Flash
  7627 | Bailey   | Reached XP level 10. HP: 75/80 MP: 14/17
  7726 | Bailey   | Reached skill level 5 in Short Blades
  7726 | Bailey   | Reached skill level 5 in Long Blades
  7726 | Bailey   | Reached skill level 5 in Maces & Flails
  7726 | Bailey   | Reached skill level 5 in Polearms
  7726 | Bailey   | Reached skill level 5 in Staves
  7726 | Bailey   | Reached skill level 5 in Slings
  7726 | Bailey   | Reached skill level 5 in Bows
  7726 | Bailey   | Reached skill level 5 in Crossbows
  7726 | Bailey   | Reached skill level 5 in Throwing
  7726 | Bailey   | Reached skill level 5 in Armour
  7726 | Bailey   | Reached skill level 5 in Shields
  7726 | Bailey   | Reached skill level 5 in Unarmed Combat
  7726 | Bailey   | Reached skill level 5 in Spellcasting
  7726 | Bailey   | Reached skill level 5 in Evocations
  7935 | D:8      | Noticed a manticore
  7951 | D:8      | Mangled by a cyclops

Illustrated notes

Levels and vault maps discovered:
D:1:      matt_arrival_spirals, layout_loops_ring
D:2:      layout_rooms, st_stairs_2
D:3:      kennysheep_slugbush, layout_basic,
          ebering_ecumenical_altar_sacrificial, chequers_serial_rivers_micro_d,
          grunt_decor_fettered, uniq_sigmund, uniq_jessica,
          uniq_crazy_yiuf_cottage
D:4:      layout_rooms, kennysheep_okawaru_gauntlet
D:5:      layout_gridville, minmay_temple_entry_enclosed_plants,
          gammafunk_ghost_necromancy, hellmonk_bongcloud_opening, uniq_ijyb
D:6:      layout_basic, minmay_misc_feat_doors, chequers_serial_rivers_large_b
D:7:      layout_cave_pods, minmay_microvault
D:8:      minmay_the_grid_octo_triangle [minmay_the_grid_octo_thin_diamonds,
          minmay_the_grid_octo_prize_square_snowflake,
          minmay_the_grid_octo_teeth], layout_cave_pods,
          gammafunk_temple_overflow_forgotten, enter_bailey_2,
          grunt_ministairs_5, glass_columns_a, uniq_erica
Temple:   eino_temple_scatter_basement

Skill      XL: |  1  2  3  4  5  6  7  8  9 10 |
---------------+-------------------------------+-----
Stealth        | 10 | 10.8
Invocations    | 1 2 3 4 5 |  5.5
Short Blades   | 1 2 3 4 5 |  5.0
Long Blades    | 1 2 3 4 5 |  5.0
Maces & Flails | 1 2 3 4 5 |  5.0
Polearms       | 1 2 3 4 5 |  5.0
Staves         | 1 2 3 4 5 |  5.0
Slings         | 1 2 3 4 5 |  5.0
Bows           | 1 2 3 4 5 |  5.0
Crossbows      | 1 2 3 4 5 |  5.0
Throwing       | 1 2 3 4 5 |  5.0
Armour         | 1 2 3 4 5 |  5.0
Shields        | 1 2 3 4 5 |  5.0
Unarmed Combat | 1 2 3 4 5 |  5.0
Spellcasting   | 1 2 3 4 5 |  5.0
Evocations     | 1 2 3 4 5 |  5.0
Conjurations   | 1 2 3 4 |  4.1
Hexes          | 1 2 3 4 |  4.1
Summonings     | 1 2 3 4 |  4.1
Necromancy     | 1 2 3 4 |  4.1
Translocations | 1 2 3 4 |  4.1
Transmutations | 1 2 3 4 |  4.1
Fire Magic     | 1 2 3 4 |  4.1
Ice Magic      | 1 2 3 4 |  4.1
Air Magic      | 1 2 3 4 |  4.1
Earth Magic    | 1 2 3 4 |  4.1
Poison Magic   | 1 2 3 4 |  4.1
Axes           | 5 6 |  6.9
Dodging        | 5 6 |  6.9
Fighting       | 7 8 |  8.3

Action                   |  1- 3 |  4- 6 |  7- 9 | 10-12 || total
-------------------------+-------+-------+-------+-------++-------
Melee: Hand axe          |   112 |   172 |    75 |       ||   359
       Dagger            |     7 |     8 |       |       ||    15
       Bite              |     8 |    24 |    46 |     9 ||    87
       Punch             |     1 |     3 |     6 |       ||    10
       Headbutt          |       |     4 |       |     1 ||     5
       Kick              |       |     1 |       |     9 ||    10
       Unarmed           |       |     6 |       |       ||     6
       Scythe            |       |       |    33 |       ||    33
       Quarterstaff      |       |       |    88 |    48 ||   136
       Whip              |       |       |   154 |       ||   154
Throw: Stone             |       |       |     3 |       ||     3
 Cast: Beastly Appendage |       |     3 |       |     2 ||     5
       Spider Form       |       |     1 |       |       ||     1
       Wereblood         |       |       |     1 |       ||     1
       Dazzling Flash    |       |       |     4 |     5 ||     9
Evoke: Wand              |       |       |     3 |       ||     3
  Use: Scroll            |     3 |     3 |    10 |     8 ||    24
       Potion            |       |     2 |     3 |     1 ||     6
 Stab: Sleeping          |     9 |     9 |    16 |       ||    34
       Distracted        |     1 |     1 |     1 |       ||     3
       Confused          |       |       |     1 |       ||     1
       Invisible         |       |       |     4 |     4 ||     8
Armor: Leather armour    |    38 |    46 |   154 |    15 ||   253
       Skin              |       |       |    12 |       ||    12
Dodge: Dodged            |   110 |   104 |   388 |    63 ||   665
Block: Other             |       |    23 |       |       ||    23
       Reflection        |       |     5 |       |       ||     5

Table legend: (Time is in decaauts)
 A = Elapsed time spent in this place.
 B = Non-inter-level travel time spent in this place.
 C = Inter-level travel time spent in this place.
 D = Time resting spent in this place.
 E = Time spent auto-exploring this place.
 F = Levels seen in this place.
 G = Mean time per level.
                   A        B        C        D        E       F      G
               +--------+--------+--------+--------+--------+-----+--------+
         Total |   8044 |   7879 |    165 |   1414 |   4024 |  10 |  804.4 |
       Dungeon |   7459 |   7308 |    151 |   1248 |   3893 |   8 |  932.4 |
        Temple |    165 |    151 |     14 |      0 |    129 |   1 |  165.0 |
        Bailey |    419 |    419 |      0 |    166 |      2 |   1 |  419.0 |
               +--------+--------+--------+--------+--------+-----+--------+

Top non-repeatable levels by time:
     D:3: 1465 daAuts
     D:1: 1168 daAuts
     D:2: 1063 daAuts
     D:7: 985 daAuts
     D:6: 926 daAuts
     D:5: 865 daAuts
     D:4: 791 daAuts
  Bailey: 419 daAuts
     D:8: 193 daAuts
  Temple: 165 daAuts
